 Dungeon Crawl Stone Soup version 0.30.0-15-g856e2d3f33 (webtiles) character file.

Game seed: 8570812938632504946

2018 MacCMillion the Cleaver (level 9, -13/75 HPs)
             Began as a Hill Orc Fighter on May 19, 2023.
             Was an Initiate of Makhleb.
             Killed from afar by Maggie (28 damage)
             ... with a bolt of fire
             ... on level 7 of the Dungeon.
             The game lasted 00:11:38 (8232 turns).

MacCMillion the Cleaver (Hill Orc Fighter)          Turns: 8232, Time: 00:11:39

Health: -13/75     AC: 14    Str: 23    XL:     9   Next: 23%
Magic:  11/11      EV:  9    Int:  5    God:    Makhleb [......]
Gold:   228        SH:  4    Dex: 10    Spells: 8/8 levels left

rFire   . . .        a - +0 war axe
rCold   . . .        c - +0 buckler
rNeg    . . .        z - +0 chain mail
rPois   .            q - +0 helmet
rElec   .            (no cloak)
rCorr   .            b - +0 pair of gloves of Minor Irritation {Will++ Int-3}
SInv    .            p - +1 pair of boots
Will    ++...        (no amulet) Stlth
                     (no ring)
HPRegen 0.32/turn    (no ring)
MPRegen 0.12/turn

%: no passive effects
@: no status effects
A: no striking features
a: Renounce Religion


You were on level 7 of the Dungeon.
You worshipped Makhleb.
Makhleb was noncommittal.
You visited 2 branches of the dungeon, and saw 8 of its levels.

You collected 333 gold pieces.
You spent 105 gold pieces at shops.

Inventory:

Hand Weapons
 a - a +0 war axe (weapon)
 y - a +0 hand axe of electrocution
Missiles
 i - 16 poisoned darts (quivered)
 o - 2 curare-tipped darts
 v - 4 throwing nets
 D - 4 boomerangs
 M - 2 atropa-tipped darts
Armour
 b - the +0 pair of gloves of Minor Irritation (worn) {Will++ Int-3}
   (You acquired it on level 6 of the Dungeon)

   Int:       It affects your intelligence (-3).
   Will:      It greatly increases your willpower.
 c - a +0 buckler (worn)
 p - a +1 pair of boots (worn)
 q - a +0 helmet (worn)
 z - a +0 chain mail (worn)
Jewellery
 t - an amulet of faith
Wands
 w - a wand of quicksilver (6)
 I - a wand of paralysis (3)
Scrolls
 e - a scroll of blinking
 g - 2 scrolls of enchant weapon {unknown}
 h - a scroll of butterflies
 j - 2 scrolls of amnesia {unknown}
 k - 2 scrolls of fog {unknown}
 m - a scroll of brand weapon {unknown}
 r - 3 scrolls of magic mapping
 B - a scroll of teleportation {unknown}
 C - a scroll of vulnerability {unknown}
 F - 2 scrolls of poison {unknown}
 G - 2 scrolls of enchant armour {unknown}
 H - a scroll of immolation {unknown}
 K - 2 scrolls of torment {unknown}
Potions
 d - 3 potions of might
 f - 3 potions of haste
 l - 4 potions of curing
 n - a potion of lignification
 s - a potion of mutation {unknown}
 x - a potion of magic {unknown}
 A - 2 potions of resistance
 E - a potion of cancellation {unknown}
 J - a potion of brilliance {unknown}
 L - a potion of flight {unknown}


   Skills:
 + Level 5.9 Fighting
 * Level 11.8 Axes
 + Level 5.6 Armour
 + Level 3.0 Dodging
 - Level 4.0 Shields
 + Level 3.4 Invocations


You had 8 spell levels left.
You didn't know any spells.
Your spell library contained the following spells:

 Spells                   Type           Power      Damage    Failure   Level
 Freeze                   Ice            0%         1d3       98%         1
 Poisonous Vapours        Pois/Air       0%         N/A       99%         2
 Frozen Ramparts          Ice            0%         1d1       100%        3
 Hailstorm                Conj/Ice       0%         3d3       100%        3
 Mephitic Cloud           Conj/Pois/Air  0%         N/A       100%        3
 Ozocubu's Armour         Ice            0%         N/A       100%        3
 Freezing Cloud           Conj/Ice/Air   0%         6-21      100%        5
 Ozocubu's Refrigeration  Ice            0%         4d7       100%        7


Dungeon Overview and Level Annotations

Branches:
Dungeon (7/15)             Temple (1/1) D:6

Altars:
Ashenzari
Cheibriados
Fedhas
Gozag
Hepliaklqana
Kikubaaqudgha
Makhleb
Nemelex Xobeh
Okawaru
Qazlal
Ru
Sif Muna
Trog
Vehumet
Wu Jian
Xom
Yredelemnul

Shops:
D:2 (   D:6 =?=

Annotations:
D:4 1 runed translucent door, Crazy Yiuf
D:7 Maggie, Pikel


Message History

Maggie is heavily wounded.
Maggie zaps a wand.
The puff of flame misses you.
You barely miss Maggie.
Maggie is heavily wounded.
Maggie zaps a wand.
The puff of flame misses you.
You hit Maggie.
Maggie is heavily wounded.
Maggie zaps a wand.
The puff of flame hits you.
* * * LOW HITPOINT WARNING * * *
You barely miss Maggie.
Maggie is heavily wounded.
Maggie zaps a wand.
The puff of flame misses you.
You closely miss Maggie.
Maggie is heavily wounded.
Maggie drinks a potion.
Maggie is healed!
You barely miss Maggie.
Maggie is moderately wounded.
Maggie hits you with a +0 halberd.
* * * LOW HITPOINT WARNING * * *
You closely miss Maggie.
Maggie is moderately wounded.
You hit Maggie but do no damage.
Maggie is moderately wounded.
Maggie hits you but does no damage.
You closely miss Maggie.
Maggie is moderately wounded.
Maggie hits you but does no damage.
You hit Maggie but do no damage.
Maggie is moderately wounded.
Maggie mumbles some strange words.
Maggie attempts to bespell you! You resist with almost no effort.
Maggie attacks as you move away! Maggie barely misses you.
Maggie casts a spell.
Maggie attempts to bespell you! You resist with almost no effort.
Maggie zaps a wand.
The puff of flame hits you.
* * * LOW HITPOINT WARNING * * *
There is a stone staircase leading up, spattered with blood here.
Maggie points at you and mumbles some strange words.
The bolt of fire hits you!!
You die...

.≈ ≈. . ≈. .# ≈. .# .≈
###########..### ..
#.....[...#..... ≈≈
#.....@.....# ..####
#.........### #.....
#.........# #.....
#..@......# #.....
#.........# #####.####
####.........# #.....####
###........###.####.####...)
#..........###..............
#.#........##.........#...##


You could see Maggie.

Vanquished Creatures
  A steam dragon (D:7)
  An acid dragon (D:7)
  2 black bears
  An ice beast (D:7)
  2 ogres (D:5)
  A phantom (D:4)
  A lemure (D:6)
  A gnoll sergeant (D:7)
  3 wights
  A howler monkey (D:6)
  3 gnoll boudas
  4 hounds
  4 jellies
  Jessica (D:2)
  3 iguanas
  Ijyb (D:3)
  Terence (D:2)
  2 orc wizards
  Robin (D:2)
  19 gnolls
  10 adders
  2 shadow imps
  A white imp (D:6)
  3 worms (D:2)
  5 dart slugs
  14 orcs
  5 bats
  3 endoplasms
  2 giant cockroaches (D:1)
  20 goblins
  8 hobgoblins
  A jackal (D:3)
  3 quokkas
  9 ball pythons
  6 frilled lizards
  9 kobolds
  12 rats
166 creatures vanquished.

Notes
Turn   | Place    | Note
-------+----------+-------------------------------------------
     0 | D:1      | MacCMillion the Hill Orc Fighter began the quest for the
                  | Orb.
     0 | D:1      | Reached XP level 1. HP: 19/19 MP: 1/1
   107 | D:1      | Reached skill level 3 in Axes
   111 | D:1      | Reached XP level 2. HP: 26/26 MP: 2/2
   414 | D:1      | Reached XP level 3. HP: 31/31 MP: 3/3
   806 | D:2      | Noticed Robin
   855 | D:1      | Reached skill level 4 in Axes
   883 | D:2      | Killed Robin
   884 | D:2      | Reached XP level 4. HP: 34/39 MP: 4/4
   908 | D:2      | Noticed Jessica
   919 | D:2      | Killed Jessica
   920 | D:2      | Reached skill level 5 in Axes
  1026 | D:2      | Reached XP level 5. HP: 8/45 MP: 5/5
  1028 | D:2      | HP: 2/45 [gnoll/+0 club (5)]
  1031 | D:2      | Reached skill level 6 in Axes
  1519 | D:2      | Found Neyvuegu's Antique Weapon Emporium.
  1543 | D:2      | Noticed Terence
  1553 | D:2      | Killed Terence
  1950 | D:2      | Found a faded altar of an unknown god.
  2459 | D:3      | Reached skill level 7 in Axes
  2586 | D:3      | Reached XP level 6. HP: 10/51 MP: 6/6
  3215 | D:3      | Noticed Ijyb
  3230 | D:3      | Killed Ijyb
  3231 | D:3      | Reached skill level 8 in Axes
  4929 | D:4      | Reached skill level 9 in Axes
  4929 | D:4      | Reached XP level 7. HP: 57/57 MP: 7/7
  4947 | D:4      | Found a runed translucent door.
  4948 | D:4      | Noticed Crazy Yiuf
  5010 | D:5      | Entered Level 5 of the Dungeon
  5110 | D:5      | Reached skill level 10 in Axes
  5474 | D:5      | Identified the +3 dagger of Ixer {drain, rPois rF+ rCorr}
  5590 | D:5      | Reached skill level 1 in Dodging
  5658 | D:5      | Reached XP level 8. HP: 32/67 MP: 8/8
  6044 | D:6      | Found a staircase to the Ecumenical Temple.
  6056 | Temple   | Entered the Ecumenical Temple
  6096 | Temple   | Became a worshipper of Makhleb the Destroyer
  6256 | D:6      | Found Plog's Jewellery Boutique.
  6350 | D:6      | Reached skill level 1 in Invocations
  6353 | D:6      | Reached skill level 5 in Fighting
  6386 | D:6      | Found Obloput's Jewellery Shop.
  6522 | D:6      | Found Decot's Magic Scroll Boutique.
  6532 | D:6      | Bought a scroll of blinking for 105 gold pieces
  6536 | D:6      | Identified a scroll of acquirement
  6538 | D:6      | Acquired the +0 pair of gloves of Minor Irritation {Will++
                  | Int-3}
  6596 | D:6      | Reached skill level 5 in Armour
  6632 | D:7      | Reached skill level 11 in Axes
  6637 | D:7      | Noticed Pikel
  6823 | D:7      | Found an ancient bone altar of Kikubaaqudgha.
  6885 | D:7      | Reached XP level 9. HP: 24/74 MP: 9/11
  7667 | D:7      | Found a snail-covered altar of Cheibriados.
  7753 | D:7      | Found a radiant altar of Vehumet.
  7759 | D:7      | Noticed Maggie
  8232 | D:7      | Killed from afar by Maggie

Illustrated notes

Levels and vault maps discovered:
D:1:      dpeg_arrival_simpleton_c, layout_basic
D:2:      layout_basic, shapermc_ecumenical_altar_flowoftime, serial_shops,
          nicolae_shop_hallway_plus, uniq_jessica, uniq_robin, uniq_terence
D:3:      layout_loops_corners, st_stairs_11, uniq_ijyb
D:4:      layout_basic, uniq_crazy_yiuf_cottage
D:5:      kennysheep_six_static_rooms, layout_basic
D:6:      layout_basic, minmay_temple_entry_tees, serial_shops, shop,
          kennysheep_mini_moat, shop
D:7:      layout_rooms, mainiacjoe_overflow_paths, general_overflow_altar,
          old_standard_altar, nicolae_grassy_gnolls, uniq_maggie, uniq_pikel
Temple:   nicolae_temple_bog_church

Skill      XL: |  1  2  3  4  5  6  7  8  9 |
---------------+----------------------------+-----
Axes           | 3 4 5 7 9 10 11 | 11.8
Shields        | 4 |  4.0
Armour         | 4 5 |  5.6
Fighting       | 4 5 |  5.9
Dodging        | 1 2 3 |  3.0
Invocations    | 2 3 |  3.4

Action                     |  1- 3 |  4- 6 |  7- 9 || total
---------------------------+-------+-------+-------++-------
  Melee: War axe           |    95 |   187 |   240 ||   522
         Hand axe          |       |    53 |    14 ||    67
    Use: Scroll            |       |       |    10 ||    10
         Potion            |       |       |     1 ||     1
 Armour: Scale mail        |    52 |    93 |       ||   145
         Chain mail        |       |    10 |   148 ||   158
  Dodge: Dodged            |    64 |   109 |   102 ||   275
  Block: Buckler           |    29 |    49 |    50 ||   128
